 Dungeon Crawl Stone Soup version 0.20.0-7-g3b7b877 (webtiles) character file.

287 Mesmaeker13 the Poker (level 6, -2/47 HPs)
             Began as a Human Skald on May 29, 2017.
             Slain by an ice beast (21 damage)
             ... on level 4 of the Dungeon.
             The game lasted 00:08:41 (3383 turns).

Mesmaeker13 the Poker (Human Skald)                 Turns: 3383, Time: 00:08:42

Health: -2/47      AC:  5    Str: 11    XL:     6   Next: 56%
Magic:  3/9        EV: 13    Int: 16    God:
Gold:   264        SH:  0    Dex: 12    Spells: 3/9 levels left

rFire    + . .     SeeInvis .   a - +0 spear
rCold    x . .     Gourm    .   (no shield)
rNeg     . . .     Faith    .   b - +0 leather armour
rPois    +         Spirit   .   (no helmet)
rElec    .         Reflect  .   (no cloak)
rCorr    .         Harm     .   A - +1 pair of gloves
MR       .....                  (no boots)
Stlth    +.........             (no amulet)
Regen    0.2/turn               f - ring of poison resistance
MPRegen  0.2/turn               t - ring of fire

@: very slightly contaminated
A: no striking features
a: no special abilities


You were on level 4 of the Dungeon.
You were not hungry.

You visited 1 branch of the dungeon, and saw 5 of its levels.

You collected 264 gold pieces.

Inventory:

Hand Weapons
 a - a +0 spear (weapon)
 j - a +0 hunting sling of flaming
 n - a +0 trident
Missiles
 e - 20 poisoned needles
 g - 6 needles of sleeping
 o - 4 curare-tipped needles
 p - 68 sling bullets
Armour
 b - a +0 leather armour (worn)
 A - a +1 pair of gloves (worn)
Jewellery
 f - a ring of poison resistance (left hand)
 t - a ring of fire (right hand)
Wands
 w - a wand of random effects (16/48)
 y - a wand of acid (3/15)
Scrolls
 i - 2 scrolls of noise
 m - a scroll of remove curse
 q - 3 scrolls of teleportation
 r - a scroll of amnesia {unknown}
Potions
 k - 2 potions of ambrosia {unknown}
 l - a potion of heal wounds {unknown}
 s - a potion of curing {unknown}
 v - 2 potions of magic {unknown}
 x - a potion of lignification {unknown}
 B - a potion of might {unknown}
Books
 c - a book of Battle

   Spells                             Type                      Level
   a - Infusion                       Charms                       1
   b - Shroud of Golubria             Charms/Translocation         2
   c - Song of Slaying                Charms                       2
   d - Spectral Weapon                Hexes/Charms                 3
   e - Regeneration                   Charms/Necromancy            3
Comestibles
 d - 9 bread rations
 h - a meat ration
 u - a chunk of flesh
 z - 3 fruits


   Skills:
 + Level 3.1 Fighting
 + Level 4.1 Polearms
 - Level 1.0 Armour
 + Level 3.8 Dodging
 - Level 2.0 Spellcasting
 + Level 3.9 Charms


You had 3 spell levels left.
You knew the following spells:

 Your Spells              Type           Power        Failure   Level  Hunger
a - Infusion              Chrm           ##..         5%          1    #......
b - Song of Slaying       Chrm           ##......     9%          2    ###....
c - Spectral Weapon       Hex/Chrm       #.......     36%         3    ###....


Dungeon Overview and Level Annotations

Branches:
Dungeon (5/15)
 Temple: D:4-7

Altars:
Cheibriados
Elyvilon
Gozag
Makhleb
Xom
Yredelemnul
Zin


Message History

Evoking this partially-identified wand wasted a few charges.
The ice beast hits you. The ice beast freezes you!
You feel a terrible chill!
Unknown command.
Casting: Infusion
Confirm with . or Enter, or press ? or * to list all spells.
You miscast Spectral Weapon.
You are very lightly contaminated with residual magic.
Your skin glows momentarily.
The ice beast closely misses you.
Unknown command.
Casting: Spectral Weapon
Confirm with . or Enter, or press ? or * to list all spells.
You draw out your weapon's spirit!
The ice beast closely misses you.
You hit the ice beast but do no damage.
Your spectral weapon hits the ice beast.
The ice beast hits you. The ice beast freezes you!
You feel a terrible chill!
You completely miss the ice beast.
The ice beast is lightly wounded.
Your spectral weapon barely misses the ice beast.
The ice beast hits you. The ice beast freezes you!!
You feel a terrible chill!
You die...

############
########..........#
##.....##..........#
##.......#..........#
#...................#
#...................#
#.....(.............#
#...@Y..............#
#...............รท...#
#...................#
#.........#####..####
#.........# ##.#
#.........######.###
#.........#........##
##.......##........##
##.....###..........


You could see an ice beast and a friendly spectral spear.

Vanquished Creatures
  A hound (D:4)
  Jessica (D:3)
  Natasha (thrice) (D:4)
  2 hound skeletons
  3 adders
  2 gnolls (D:3)
  A worm (D:2)
  6 dart slugs
  3 leopard geckos
  6 orcs (D:3)
  5 giant cockroaches
  5 goblins
  6 hobgoblins
  6 kobolds
  3 quokkas
  4 bats
  6 frilled lizards
  7 rats
70 creatures vanquished.

Notes
Turn   | Place    | Note
-------+----------+-------------------------------------------
     0 | D:1      | Mesmaeker13 the Human Skald began the quest for the Orb.
     0 | D:1      | Reached XP level 1. HP: 16/16 MP: 3/3
   302 | D:1      | Reached XP level 2. HP: 22/22 MP: 1/5
   529 | D:1      | Reached XP level 3. HP: 24/27 MP: 2/6
   556 | D:1      | You fall through a shaft!
   613 | D:2      | Learned a level 2 spell: Song of Slaying
  1126 | D:2      | Reached skill level 3 in Polearms
  1222 | D:2      | Found a white marble altar of Elyvilon.
  1236 | D:2      | Reached XP level 4. HP: 13/33 MP: 2/7
  1533 | D:2      | Found a burning altar of Makhleb.
  1535 | D:2      | Found a snail-covered altar of Cheibriados.
  1535 | D:2      | Noticed a green death
  1538 | D:2      | Found a glowing silver altar of Zin.
  1538 | D:2      | Noticed an angel
  1678 | D:2      | Found an opulent altar of Gozag.
  1681 | D:2      | Found a shimmering altar of Xom.
  1684 | D:2      | Found a basalt altar of Yredelemnul.
  1875 | D:3      | Noticed Jessica
  1883 | D:3      | Killed Jessica
  1966 | D:3      | Reached XP level 5. HP: 36/38 MP: 3/8
  2620 | D:3      | Learned a level 3 spell: Spectral Weapon
  2671 | D:3      | Found an opulent altar of Gozag.
  2934 | D:4      | Noticed Natasha
  2947 | D:4      | Killed Natasha
  3015 | D:4      | Noticed Natasha
  3023 | D:4      | Killed Natasha
  3023 | D:4      | Reached XP level 6. HP: 42/46 MP: 5/9
  3120 | D:4      | Noticed Natasha
  3124 | D:4      | Killed Natasha
  3124 | D:4      | Reached skill level 4 in Polearms
  3327 | D:5      | Entered Level 5 of the Dungeon
  3371 | D:5      | Noticed a yak
  3373 | D:5      | Noticed an ice beast
  3373 | D:5      | Noticed a yak
  3373 | D:5      | Noticed a yak
  3383 | D:4      | Slain by an ice beast

Skill      XL: |  1  2  3  4  5  6 |
---------------+-------------------+-----
Polearms       | 3 4 |  4.1
Dodging        | 3 |  3.8
Fighting       | 3 |  3.1
Armour         | |  1.0
Spellcasting   | |  2.0
Charms         | |  3.9

Action                   |  1- 3 |  4- 6 || total
-------------------------+-------+-------++-------
Melee: Spear             |   103 |   173 ||   276
 Cast: Infusion          |    12 |    12 ||    24
       Spectral Weapon   |       |     3 ||     3
Evoke: Wand              |       |     3 ||     3
  Use: Scroll            |     3 |     1 ||     4
  Eat: Chunk             |     1 |     8 ||     9
Armor: Leather armour    |    13 |    20 ||    33
Dodge: Dodged            |    41 |    83 ||   124
